 Dungeon Crawl Stone Soup version 0.23.2-40-g277498a001 (webtiles) character file.

Game seed: 7793892724905475734

17 Martska the Chiller (level 2, 0/21 HPs)
             Began as a Merfolk Ice Elementalist on Sept 29, 2019.
             Succumbed to a kobold's poison
             ... on level 1 of the Dungeon.
             The game lasted 00:04:47 (835 turns).

Martska the Chiller (Merfolk Ice Elementalist)       Turns: 835, Time: 00:04:48

Health: 0/21       AC:  2    Str:  8    XL:     2   Next: 62%
Magic:  4/5        EV: 13    Int: 16    God:
Gold:   50         SH:  5    Dex: 12    Spells: 4/5 levels left

rFire    . . .     SeeInvis .   b - +0 short sword
rCold    . . .     Gourm    .   (no shield)
rNeg     . . .     Faith    .   a - +0 robe
rPois    .         Spirit   .   (no helmet)
rElec    .         Reflect  +   (no cloak)
rCorr    .         Harm     .   (no gloves)
MR       .....                  (no boots)
Stlth    ++........             f - +5 amulet of reflection
HPRegen  0.07/turn              (no ring)
MPRegen  0.09/turn              (no ring)

@: lethally poisoned (0 -> -7)
A: change form in water, swift swim, stealthy swim, clever 1, clumsy 1, sense
surroundings 1, MP-powered wands
a: no special abilities


You were on level 1 of the Dungeon.
You were very full.

You visited 1 branch of the dungeon, and saw 1 of its levels.

You collected 50 gold pieces.

Inventory:

Hand Weapons
 b - a +0 short sword (weapon)
 i - a +3 dagger of venom
Missiles
 j - 3 stones (quivered)
Armour
 a - a +0 robe (worn)
 d - a +0 robe
 h - a +0 scale mail
Jewellery
 f - a +5 amulet of reflection (around neck)


   Skills:
 * Level 1.2 Fighting
 * Level 3.1 Dodging
 + Level 2.5 Stealth
 + Level 2.0 Spellcasting
   Level 0.7 Conjurations
 + Level 3.3 Ice Magic


You had 4 spell levels left.
You knew the following spells:

 Your Spells              Type           Power        Failure   Level  Hunger
a - Freeze                Ice            ##..         5%          1    #......

Your spell library contained the following spells:

 Spells                   Type           Power        Failure   Level  Hunger
 Throw Frost              Conj/Ice       #.....       14%         2    ###....
 Ozocubu's Armour         Chrm/Ice       #.......     30%         3    ###....
 Throw Icicle             Conj/Ice       #.......     65%         4    #####..
 Summon Ice Beast         Ice/Summ       #.......     71%         4    #####..


Dungeon Overview and Level Annotations

Branches:
Dungeon (1/15)

Altars:


Innate Abilities, Weirdness & Mutations

You revert to your normal form in water You are very nimble and swift while swimming.
You are very stealthy in the water. (Stealth+)
Your mind is acute. (Int +2)
You are clumsy. (Dex -2)
You passively map a small area around you.
You expend magic power (3 MP) to strengthen your wands.


Message History

There is a lethal amount of poison in your body!
There is a lethal amount of poison in your body!
Things that are here:
a +1 vampiric short sword; a stone
There is a lethal amount of poison in your body!
You eat one of the 2 rations.
That ration really hit the spot!
* * * LOW HITPOINT WARNING * * *
You feel sick.
You eat the ration.
That ration really hit the spot!
It was a potion of mutation.
You feel extremely strange.
You feel clever.
You feel a strange attunement to the structure of the dungeons.
You feel clumsy.
You feel your magical essence link to your wands.
* * * LOW HITPOINT WARNING * * *
You feel sick.
As you read the scroll labeled OWYHUGA SOUH, it crumbles to dust.
You hear a loud clanging noise!
It was a scroll of noise.
You die...

, * # * .# ###. # * #..
* #. #.#** ######
####.#####(#####.....
#....(@...(......######
#.####.....##.........#
* #.##...#.......... ,
...##......######.#
###.##...##.# #.# ,
#.....###.######.#
###.#.# #......... *
#.#.# #..#####.# #..#
#.#


There were no monsters in sight!

Vanquished Creatures
  A giant cockroach (D:1)
  4 goblins (D:1)
  A hobgoblin (D:1)
  5 kobolds (D:1)
  2 frilled lizards (D:1)
  3 rats (D:1)
16 creatures vanquished.

Notes
Turn   | Place    | Note
-------+----------+-------------------------------------------
     0 | D:1      | Martska the Merfolk Ice Elementalist began the quest for
                  | the Orb.
     0 | D:1      | Reached XP level 1. HP: 13/13 MP: 3/3
   285 | D:1      | Reached XP level 2. HP: 4/20 MP: 0/5
   683 | D:1      | Reached skill level 1 in Fighting
   834 | D:1      | Gained mutation: Your mind is acute. (Int +2) [potion of
                  | mutation]
   834 | D:1      | Gained mutation: You passively map a small area around you.
                  | [potion of mutation]
   834 | D:1      | Gained mutation: You are clumsy. (Dex -2) [potion of
                  | mutation]
   834 | D:1      | Gained mutation: You expend magic power (3 MP) to
                  | strengthen your wands. [potion of mutation]
   834 | D:1      | HP: 1/21 [poisoned by a kobold]
   835 | D:1      | Succumbed to a kobold's poison

Skill      XL: |  1  2 |
---------------+-------+-----
Dodging        | 3 |  3.1
Fighting       | 1 |  1.2
Stealth        | |  2.5
Spellcasting   | |  2.0
Conjurations   | |  0.7
Ice Magic      | |  3.3

Action                   || total
-------------------------++-------
Melee: Unarmed           ||     3
       Short sword       ||     4
 Cast: Freeze            ||    18
  Use: Scroll            ||     1
       Potion            ||     1
  Eat: Ration            ||     2
Armor: Robe              ||     3
Dodge: Dodged            ||    14
Block: Other             ||     1
       Reflection        ||     1
